Selects Special Operations Battlegroup
Selects M29 Weasel Recon Vehicle
Construct Weapon Support Center
Construct Medical Station
Mechanized Support Center
M3 75 mm Gun Motor Carriage
M3 75 mm Gun Motor Carriage
Designate Forward Repair Station
Selects SSF Commando Squad
M18 Hellcat Tank Destroyer
Designate Forward Repair Station
Improved M9 Bazooka Rockets
Selects P-47 Anti-Infantry Loiter
Selects UNKNOWN (2162291)
Selects Assault Operation
M18 Hellcat Tank Destroyer